 Dungeon Crawl Stone Soup version 0.28.0-53-g5a82cb258f (webtiles) character file.

Game seed: 7416018914755647697

1510 MiltankisOP the Spear-Bearer (level 8, -9/57 HPs)
             Began as a Merfolk Gladiator on July 12, 2022.
             Killed from afar by an acid dragon (17 damage)
             ... with a splash of acid
             ... on level 5 of the Dungeon.
             The game lasted 00:11:42 (7553 turns).

MiltankisOP the Spear-Bearer (Merfolk Gladiator)    Turns: 7553, Time: 00:11:43

Health: -9/57      AC:  0    Str: 14    XL:     8   Next: 83%
Magic:  8/8        EV: 17    Int:  8    God:
Gold:   154        SH:  0    Dex: 17    Spells: 7/7 levels left

rFire   . . .      SeeInvis .   s - +1 scythe (venom)
rCold   . . .      Faith    .   (shield currently unavailable)
rNeg    . . .      Spirit   .   b - +0 leather armour
rPois   .          Reflect  .   c - +0 helmet
rElec   .          Harm     .   (no cloak)
rCorr   .          Rampage  .   (no gloves)
Will    .....                   (no boots)
Stlth   +.........              (no amulet)
HPRegen 0.19/turn               (no ring)
MPRegen 0.11/turn               (no ring)

@: corroded, hasted, very quick
A: (nimble swimmer 2), mertail
a: no special abilities


You were on level 5 of the Dungeon.
You visited 1 branch of the dungeon, and saw 5 of its levels.
You also visited: Sewer.

You collected 154 gold pieces.

Inventory:

Hand Weapons
 a - a +0 trident
 j - a +0 halberd
 s - a +1 scythe of venom (weapon)
Missiles
 d - a throwing net
 i - 21 poisoned darts (quivered)
Armour
 b - a +0 leather armour (worn)
 c - a +0 helmet (worn)
Wands
 r - a wand of digging (8)
Scrolls
 g - a scroll of fog {unknown}
 h - 3 scrolls of teleportation {unknown}
 l - a scroll of blinking {unknown}
 q - 2 scrolls of magic mapping {unknown}
 t - a scroll of fear {unknown}
Potions
 e - a potion of ambrosia {unknown}
 f - 3 potions of curing
 k - 2 potions of degeneration {unknown}
 m - 2 potions of haste
 n - a potion of heal wounds {unknown}
 o - 2 potions of might
 p - a potion of magic {unknown}


   Skills:
 + Level 2.5 Fighting
 + Level 11.9 Polearms
 - Level 2.0 Throwing
 - Level 10.2 Dodging


You had 7 spell levels left.
You didn't know any spells.
Your spell library contained the following spells:

 Spells                   Type           Power      Damage    Failure   Level
 Ignite Poison            Fire/Tmut/Pois 0%         N/A       86%         3
 Mephitic Cloud           Conj/Pois/Air  0%         N/A       86%         3
 Freezing Cloud           Conj/Ice/Air   0%         6-21      100%        5


Dungeon Overview and Level Annotations

Branches:
Dungeon (5/15)              Sewer (visited)
 Temple: D:4-7

Altars:
Cheibriados
Qazlal
Ru
Trog


Innate Abilities, Weirdness & Mutations

((You are very nimble when in or above water. (Stealth+, EV+, Speed+++)))
Your lower body shifts to a powerful aquatic tail in water.


Message History

a +0 dagger; a goblin corpse An acid dragon comes into view.
The acid dragon roars!
The acid dragon spits acid at you. The splash of acid hits you!!
The acid corrodes you!
There is a stone staircase leading down here.
You are no longer corroded.
You see here a +0 hunting sling.
You see here a +0 hunting sling.
A scorpion comes into view.
You feel yourself speed up. The scorpion completely misses you.
You see here a +0 hunting sling.
You closely miss the scorpion.
The scorpion stings you but does no damage.
You hit the scorpion.
The scorpion is poisoned.
The scorpion is moderately wounded.
The scorpion closely misses you.
You slash the scorpion!
You kill the scorpion!
You closely miss the acid dragon. You closely miss the acid dragon.
The acid dragon spits acid at you. The splash of acid misses you.
You slash the acid dragon!
The acid dragon is poisoned.
The acid dragon is heavily wounded.
The acid dragon spits acid at you. The splash of acid hits you!!
Ouch! That really hurt!
* * * LOW HITPOINT WARNING * * *
The acid corrodes you!
You barely miss the acid dragon.
The acid dragon is severely wounded.
The acid dragon barely misses you. The acid dragon claws you.
* * * LOW HITPOINT WARNING * * *
You closely miss the acid dragon.
The acid dragon is severely wounded.
The acid dragon spits acid at you. The splash of acid hits you!
You die...

#.##### #.#...#####
#.........#
#.....###D######
###...D.#.##... #######
#..##@#.##.#
......######..##.#D...# #
######
..............>..##...##.#
#....#
#####.###..##.###........#
#.##.# #.###..[#.
#.#...######.##.#
#####.....#.##
#.#.............#
#.....###.#.#
#.#.#########.### #.###.#
#.#.. ..#.# #.# #.# #.#
#.###.# ###.# #.#


You could see an acid dragon (very poisoned, catching breath).

Vanquished Creatures
  Sigmund (D:5)
  Eustachio (D:5)
  A black bear (D:5)
  An ice beast (D:5)
  An ogre (D:5)
  A phantom (D:5)
  2 kobold brigands
  A gnoll sergeant (D:5)
  A scorpion (D:5)
  An orc priest (D:4)
  A jelly (D:4)
  2 hounds
  An iguana (D:5)
  An orc wizard (D:3)
  2 hound skeletons (D:5)
  A howler monkey zombie (D:5)
  9 gnolls
  10 adders
  8 river rats (Sewer)
  A white imp (D:4)
  4 worms
  2 dart slugs
  9 orcs
  3 endoplasms
  5 giant cockroaches
  11 goblins
  8 hobgoblins
  3 jackals (D:1)
  4 quokkas
  12 ball pythons
  6 bats
  4 frilled lizards
  18 kobolds
  26 rats
162 creatures vanquished.

Notes
Turn   | Place    | Note
-------+----------+-------------------------------------------
     0 | D:1      | MiltankisOP the Merfolk Gladiator began the quest for the
                  | Orb.
     0 | D:1      | Reached XP level 1. HP: 16/16 MP: 1/1
    13 | D:1      | Found a faded altar of an unknown god.
   135 | D:1      | Reached XP level 2. HP: 20/22 MP: 2/2
   285 | D:1      | Reached skill level 5 in Polearms
   472 | D:1      | Reached XP level 3. HP: 13/27 MP: 3/3
   854 | D:1      | Reached skill level 5 in Dodging
  1176 | D:2      | Reached XP level 4. HP: 28/33 MP: 4/4
  1342 | D:2      | You fall into a shaft and drop 2 floors!
  1342 | D:4      | Found a bloodstained altar of Trog.
  1392 | D:4      | Found a stormy altar of Qazlal.
  1428 | D:4      | Reached skill level 6 in Polearms
  1656 | D:3      | Found a faded altar of an unknown god.
  1660 | D:3      | Found a snail-covered altar of Cheibriados.
  1711 | D:3      | Noticed a kobold brigand
  1723 | D:3      | Killed a kobold brigand
  1724 | D:3      | Reached XP level 5. HP: 22/38 MP: 5/5
  2095 | D:3      | Found a glowing drain.
  2102 | D:3      | Reached skill level 7 in Polearms
  2111 | Sewer    | Entered a sewer
  2607 | Sewer    | Reached XP level 6. HP: 42/44 MP: 6/6
  3529 | Sewer    | Reached skill level 8 in Polearms
  4459 | D:3      | Reached XP level 7. HP: 13/50 MP: 7/7
  5747 | D:4      | Found a sacrificial altar of Ru.
  5775 | D:4      | Reached skill level 9 in Polearms
  6199 | D:5      | Entered Level 5 of the Dungeon
  6209 | D:5      | Noticed Eustachio
  6254 | D:5      | Killed Eustachio
  6265 | D:5      | Reached XP level 8. HP: 12/56 MP: 8/8
  6646 | D:5      | Reached skill level 10 in Polearms
  6802 | D:5      | Noticed Sigmund
  6815 | D:5      | Killed Sigmund
  6816 | D:5      | Reached skill level 10 in Dodging
  7057 | D:5      | Reached skill level 11 in Polearms
  7553 | D:5      | Killed from afar by an acid dragon

Illustrated notes

Levels and vault maps discovered:
D:1:      lemuel_arrival_hallway, layout_loops_ring,
          shapermc_ecumenical_altar_starsandcircs
D:2:      layout_basic
D:3:      layout_loops_ring, nicolae_overflow_ecumenical_swirl,
          portal_sewer_entry_d
D:4:      layout_rooms, kennysheep_little_box, amethyst_overflow_temple_binary
D:5:      layout_basic, corexii_shack, uniq_eustachio, uniq_sigmund

Skill      XL: |  1  2  3  4  5  6  7  8 |
---------------+-------------------------+-----
Polearms       | 5 6 7 8 9 11 | 11.9
Dodging        | 5 6 7 9 10 | 10.2
Fighting       | |  2.5
Throwing       | |  2.0

Action                   |  1- 3 |  4- 6 |  7- 9 || total
-------------------------+-------+-------+-------++-------
Melee: Trident           |   123 |   346 |    56 ||   525
       Punch             |     1 |     1 |       ||     2
       Tailslap          |       |     8 |       ||     8
       Halberd           |       |       |   103 ||   103
       Scythe            |       |       |    37 ||    37
Throw: Throwing net      |       |       |     3 ||     3
       Dart              |       |       |     8 ||     8
  Use: Scroll            |       |       |     2 ||     2
       Potion            |       |       |     1 ||     1
 Stab: Sleeping          |     2 |     5 |       ||     7
Armor: Leather armour    |    37 |    53 |    15 ||   105
Dodge: Dodged            |    87 |   230 |   129 ||   446
